 Dungeon Crawl Stone Soup version 0.23.2-1-ga50397a6bc (webtiles) character file.

Game seed: 10630996956647896678

6204 Foic the Covert (level 10, -31/81 HPs)
             Began as a Vampire Chaos Knight on May 13, 2019.
             Was a Plaything of Xom.
             Annihilated by a two-headed ogre
             ... wielding a +0 giant club
              (33 damage)
             ... on level 10 of the Dungeon on May 14, 2019.
             The game lasted 00:47:43 (8253 turns).

Foic the Covert (Vampire Chaos Knight)              Turns: 8253, Time: 00:47:44

Health: -31/81     AC:  7    Str: 11    XL:     10   Next: 61%
Magic:  0/10       EV: 17    Int: 17    God:    Xom [....*.]
Gold:   482        SH:  0    Dex: 17    Spells: 9/9 levels left

rFire    + . .     SeeInvis +   a - +1 short sword (chaos)
rCold    + . .     Gourm    .   (no shield)
rNeg     + . .     Faith    .   b - +3 leather armour
rPois    .         Spirit   +   L - +1 hat
rElec    .         Reflect  .   r - scarf {rC+ rF+}
rCorr    .         Harm     .   (no gloves)
MR       +....                  (no boots)
Stlth    +++++.....             z - amulet of guardian spirit
HPRegen  0.23/turn              C - ring of see invisible
MPRegen  0.12/turn              (no ring)

@: no status effects
A: antennae 1, fangs 3, see invisible, clever 1, robust 1, unbreathing,
evolution 1
a: Bat Form, Renounce Religion


You were on level 10 of the Dungeon.
You worshipped Xom.
You were a beloved toy of Xom.
You were not thirsty.

You visited 1 branch of the dungeon, and saw 10 of its levels.

You collected 482 gold pieces.

Inventory:

Hand Weapons
 a - a +1 short sword of chaos (weapon)
 g - a +0 blowgun
 j - a +2 flail of distortion
 t - a +0 longbow
 F - a +0 shortbow
 N - a +4 long sword
Missiles
 d - 358 stones (quivered)
 A - 56 poisoned needles
 B - 114 arrows
 D - 63 sling bullets
 J - 5 needles of paralysis
Armour
 b - a +3 leather armour (worn)
 n - a cursed +0 cloak
 r - a scarf of resistance (worn)
 L - a +1 hat (worn)
 Q - a +2 buckler
Jewellery
 e - an uncursed amulet of magic regeneration
 i - an uncursed ring of ice
 s - an uncursed ring of flight
 z - an amulet of guardian spirit (around neck)
 C - a ring of see invisible (left hand)
 H - an uncursed ring of ice
 K - an uncursed ring of teleportation
Wands
 k - a wand of clouds (5)
 w - a wand of enslavement (7)
 G - a wand of iceblast (16)
 M - a wand of scattershot (5)
Scrolls
 l - 4 scrolls of teleportation
 m - 2 scrolls of blinking
 p - 5 scrolls of amnesia
 v - 2 scrolls of remove curse
 y - 2 scrolls of enchant armour
 E - a scroll of magic mapping
Potions
 c - 35 potions of blood
 f - 4 potions of lignification
 h - a potion of cancellation {unknown}
 o - 2 potions of flight {unknown}
 q - 2 potions of might {unknown}
 u - a potion of curing {unknown}
 x - a potion of degeneration {unknown}
 I - a potion of ambrosia {unknown}


   Skills:
 + Level 5.5 Fighting
 * Level 11.6 Short Blades
 + Level 3.2 Armour
 * Level 7.6 Dodging
 * Level 12.1 Stealth


You had 9 spell levels left.
You didn't know any spells.
Your spell library contained the following spells:

 Spells                   Type           Power        Failure   Level  Hunger
 Flame Tongue             Conj/Fire      #....        30%         1    ##.....
 Summon Small Mammal      Summ           #...         30%         1    ##.....
 Call Imp                 Summ           #.......     41%         2    ###....
 Throw Flame              Conj/Fire      #.....       41%         2    ###....
 Call Canine Familiar     Summ           #.......     65%         3    ####...
 Conjure Flame            Conj/Fire      #.......     65%         3    ####...
 Inner Flame              Hex/Fire       #.......     65%         3    ####...
 Summon Guardian Golem    Hex/Summ       #.......     65%         3    ####...
 Cause Fear               Hex            #.........   96%         4    #####..
 Sticky Flame             Conj/Fire      #.......     96%         4    #####..
 Summon Ice Beast         Ice/Summ       #.......     96%         4    #####..
 Summon Lightning Spire   Summ/Air       #.......     96%         4    #####..
 Fireball                 Conj/Fire      #.........   100%        5    ######.
 Silence                  Hex/Air        #.........   100%        5    ######.
 Yara's Violent Unravell  Hex/Tmut       #.........   100%        5    ######.
 Deflect Missiles         Chrm/Air       #.........   100%        6    #######
 Discord                  Hex            #.........   100%        8    #######


Dungeon Overview and Level Annotations

Branches:
Dungeon (10/15)            Temple (0/1) D:6            Lair (0/6) D:10
    Orc (0/2) D:9

Altars:
Ashenzari
Cheibriados
Fedhas
Hepliaklqana
Nemelex Xobeh
Okawaru
Qazlal
Vehumet
Xom

Shops:
D:5 =

Annotations:
D:10 Urug


Innate Abilities, Weirdness & Mutations

You have razor-sharp teeth.
You have supernaturally acute eyesight. (SInv)
You can survive without breathing.
You have a pair of small antennae on your head.
Your mind is acute. (Int +2)
You are robust. (+10% HP)
You evolve.


Message History

You bite the two-headed ogre, but do no damage.
The two-headed ogre is heavily wounded.
The two-headed ogre hits you with a +0 giant club!
The two-headed ogre hits you but does no damage.
You hit the two-headed ogre.
The two-headed ogre goes berserk!
Xom thinks this is hilarious!
The two-headed ogre is heavily wounded.
You hit the two-headed ogre.
The two-headed ogre is heavily wounded.
The two-headed ogre hits you with a +0 giant club.
The two-headed ogre hits you with a cursed -2 giant spiked club!!
* * * LOW HITPOINT WARNING * * *
The two-headed ogre closely misses you.
The two-headed ogre completely misses you.
Okay, then.
There is a stone staircase leading down here.
The two-headed ogre closely misses you.
The two-headed ogre hits you with a cursed -2 giant spiked club!!
You die...
Xom laughs nastily!

#.......^.# #...............
#.........#*#.####....>.....
#.........+,,,* #.<........
#........[#**** #..........
#....O....# #..........
###(####### #..........
#.....o.# #######.###
#######>#### #....# #.O@.#
####'##### ****######.##
#........#
*,,.........####........#
*,,...........##........#
*,,.........#.##........#*
*,,.........#.##.......)+,
*,,.........#..'........#*
*,,.........####.<......#
*,,.........# ##########


You could see Urug and a two-headed ogre (berserk).

Vanquished Creatures
  An anaconda (D:9)
  A raiju (shapeshifter) (D:8)
  A spriggan (D:9)
  A basilisk (shapeshifter) (D:9)
  3 yaks (D:9)
  2 hungry ghosts
  A porcupine (D:10)
  5 orc warriors
  A sky beast (D:6)
  An ice beast (D:7)
  2 black bears
  2 phantoms
  A necrophage (D:7)
  4 ogres
  A boggart (D:3)
  2 centaurs
  A big kobold (D:8)
  8 bullfrogs
  3 scorpions
  4 wights
  A howler monkey (D:5)
  4 crimson imps
  4 hounds
  2 jellies
  4 orc priests
  An iron imp (D:7)
  6 orc wizards
  A bullfrog skeleton (D:5)
  3 iguanas
  5 worker ants
  2 hound zombies
  A worker ant zombie (D:8)
  6 gnolls
  12 adders
  A shadow imp (D:7)
  An ooze (D:4)
  An adder zombie (D:6)
  2 worms
  A dart slug (D:2)
  2 leopard geckos
  38 orcs
  7 giant cockroaches
  8 goblins
  12 hobgoblins
  9 jackals
  5 quokkas
  7 bats
  7 frilled lizards
  2 giant cockroach zombies (D:6)
  14 kobolds
  A leopard gecko skeleton (D:4)
  A quokka skeleton (D:8)
  10 rats
226 creatures vanquished.

Vanquished Creatures (collateral kills)
  Erica (D:8)
  A bullfrog (D:8)
  A wight (D:5)
  A hound (D:5)
4 creatures vanquished.

Vanquished Creatures (others)
  A sky beast (D:7)
  An iguana (D:9)
  An orc wizard (D:9)
  A gnoll (D:3)
4 creatures vanquished.

Grand Total: 234 creatures vanquished

Notes
Turn   | Place    | Note
-------+----------+-------------------------------------------
     0 | D:1      | Foic the Vampire Chaos Knight began the quest for the Orb.
     0 | D:1      | Reached XP level 1. HP: 17/17 MP: 1/1
   202 | D:1      | XOM: divination: detect creatures
   244 | D:1      | Reached XP level 2. HP: 23/23 MP: 2/2
   713 | D:2      | Reached XP level 3. HP: 29/29 MP: 3/3
   778 | D:2      | Found a blossoming altar of Fedhas.
   788 | D:2      | XOM: butterfly on damage
   821 | D:2      | XOM: harmless Tmut miscast
   826 | D:2      | Reached skill level 1 in Stealth
   900 | D:2      | Reached skill level 1 in Armour
   900 | D:2      | Reached XP level 4. HP: 23/35 MP: 4/4
   991 | D:2      | XOM: noise
  1187 | D:2      | Found a faded altar of an unknown god.
  1296 | D:3      | XOM: divination: magic mapping
  1333 | D:3      | XOM: mild Chrm miscast
  1346 | D:3      | Reached skill level 5 in Short Blades
  1346 | D:3      | Reached skill level 2 in Stealth
  1591 | D:3      | Reached XP level 5. HP: 37/41 MP: 5/5
  1720 | D:3      | XOM: confuse monster(s)
  1723 | D:3      | XOM: harmless Summ miscast
  1887 | D:3      | Noticed a boggart
  1887 | D:3      | a jackal changed into a boggart
  1887 | D:3      | XOM: swap monsters
  1893 | D:3      | XOM: summons 2 hostile demons
  1897 | D:3      | XOM: enchant monster (bad)
  1901 | D:3      | XOM: noise
  1904 | D:3      | Killed a boggart
  1904 | D:3      | Reached skill level 3 in Stealth
  1904 | D:3      | Reached XP level 6. HP: 37/47 MP: 6/6
  1960 | D:3      | Found a hazy altar of Hepliaklqana.
  1960 | D:3      | Found a shimmering altar of Xom.
  1966 | D:3      | Found a blossoming altar of Fedhas.
  1966 | D:3      | Found an iron altar of Okawaru.
  1974 | D:3      | Found a radiant altar of Vehumet.
  1975 | D:3      | Found a shattered altar of Ashenzari.
  2215 | D:3      | XOM: harmless Tmut miscast
  2651 | D:4      | Reached skill level 4 in Stealth
  2921 | D:4      | Found a sparkling altar of Nemelex Xobeh.
  3149 | D:5      | Entered Level 5 of the Dungeon
  3168 | D:5      | Reached XP level 7. HP: 28/52 MP: 7/7
  3383 | D:5      | Reached skill level 5 in Stealth
  3547 | D:5      | XOM: give mutations
  3547 | D:5      | Gained mutation: You are robust. (+10% HP) [Xom's grace]
  3547 | D:5      | Gained mutation: You evolve. [Xom's grace]
  3547 | D:5      | Gained mutation: You have a pair of small antennae on your
                  | head. [Xom's grace]
  3547 | D:5      | Gained mutation: Your mind is acute. (Int +2) [Xom's grace]
  3662 | D:5      | Found Ciogg's Jewellery Shoppe.
  3789 | D:5      | XOM: cast spell 'Call Canine Familiar'
  3995 | D:6      | XOM: enchant monster (good)
  4036 | D:6      | Found a staircase to the Ecumenical Temple.
  4049 | D:6      | XOM: 1-stop teleportation journey
  4053 | D:6      | XOM: divination: magic mapping
  4078 | D:5      | Reached skill level 6 in Stealth
  4078 | D:5      | Reached XP level 8. HP: 63/66 MP: 8/8
  4111 | D:6      | XOM: enchant monster (bad)
  4161 | D:5      | XOM: summons friendly iron imp
  4227 | D:6      | Reached skill level 5 in Dodging
  4246 | D:6      | XOM: potion effect (brilliance)
  4505 | D:6      | XOM: smoke on damage
  4511 | D:6      | XOM: harmless Erth miscast
  4548 | D:6      | XOM: noise
  4559 | D:6      | Reached skill level 7 in Stealth
  4671 | D:7      | XOM: harmless Summ miscast
  4689 | D:7      | XOM: enchant monster (good)
  4711 | D:7      | XOM: enchant monster (good)
  4724 | D:7      | XOM: potion effect (berserk rage)
  4803 | D:7      | XOM: blink monster(s)
  4806 | D:7      | Reached XP level 9. HP: 50/71 MP: 9/9
  4816 | D:7      | XOM: smoke on damage
  4909 | D:7      | XOM: smoke on damage
  4942 | D:7      | XOM: silly message
  5001 | D:7      | Reached skill level 8 in Stealth
  5077 | D:7      | XOM: polymorph quokka -> adder
  5244 | D:7      | Found a snail-covered altar of Cheibriados.
  5568 | D:8      | Noticed Erica
  5584 | D:8      | XOM: confuse monster(s)
  5591 | D:8      | XOM: silly message
  5611 | D:8      | Reached skill level 9 in Stealth
  5611 | D:8      | XOM: butterfly on damage
  5816 | D:8      | XOM: summons 9 friendly demons
  5826 | D:8      | Killed Erica
  5826 | D:8      | Reached skill level 10 in Short Blades
  5974 | D:8      | XOM: polymorph orc wizard -> shapeshifter
  5993 | D:8      | XOM: polymorph ice beast -> shapeshifter
  6002 | D:8      | XOM: scenery: create altars
  6010 | D:8      | XOM: confuse monster(s)
  6013 | D:8      | Reached skill level 10 in Stealth
  6317 | D:9      | Found a stormy altar of Qazlal.
  6346 | D:9      | Noticed a two-headed ogre
  6374 | D:9      | Noticed an anaconda
  6374 | D:9      | a two-headed ogre changed into an anaconda
  6374 | D:9      | XOM: polymorph two-headed ogre -> anaconda
  6375 | D:9      | XOM: smoke on damage
  6380 | D:9      | XOM: enchant monster (bad)
  6383 | D:9      | XOM: cast spell 'Discord'
  6394 | D:9      | Killed an anaconda
  6394 | D:9      | Reached skill level 5 in Fighting
  6394 | D:9      | Reached XP level 10. HP: 11/81 MP: 2/10
  6414 | D:9      | Found a staircase to the Orcish Mines.
  6461 | D:9      | XOM: harmless Hex miscast
  6538 | D:9      | XOM: potion effect (magic)
  6894 | D:9      | XOM: smoke on damage
  6905 | D:9      | XOM: harmless Air miscast
  6912 | D:9      | Reached skill level 11 in Stealth
  7060 | D:9      | XOM: divination: detect items
  7068 | D:9      | XOM: enchant monster (bad)
  7069 | D:9      | XOM: potion effect (haste)
  7081 | D:9      | XOM: enchant monster (good)
  7091 | D:9      | XOM: polymorph yak -> spriggan
  7237 | D:9      | XOM: summons 5 friendly demons
  7578 | D:9      | XOM: god gift: runed long sword {god gift}
  7905 | D:9      | XOM: noise
  7909 | D:9      | XOM: noise
  7917 | D:10     | Entered Level 10 of the Dungeon
  7950 | D:10     | XOM: potion effect (invisibility)
  7953 | D:10     | XOM: confuse monster(s)
  7978 | D:10     | Found a staircase to the Lair.
  7981 | D:10     | XOM: mild Tloc miscast
  7998 | D:10     | XOM: potion effect (might)
  8000 | D:10     | Reached skill level 12 in Stealth
  8232 | D:10     | Noticed Urug
  8232 | D:10     | Noticed a two-headed ogre
  8248 | D:10     | HP: 1/81 [two-headed ogre/+0 giant club (25)]
  8253 | D:10     | Annihilated by a two-headed ogre

Skill      XL: |  1  2  3  4  5  6  7  8  9 10 |
---------------+-------------------------------+-----
Fighting       | 3 4 5 |  5.5
Short Blades   | 4 5 6 7 9 10 11 | 11.6
Stealth        | 1 2 3 4 6 7 10 12 | 12.1
Armour         | 1 2 3 |  3.2
Dodging        | 3 4 5 6 7 |  7.6

Action                   |  1- 3 |  4- 6 |  7- 9 | 10-12 || total
-------------------------+-------+-------+-------+-------++-------
Melee: Short sword       |    85 |   257 |   492 |   189 ||  1023
       Bite              |     7 |    18 |    54 |    25 ||   104
  Use: Scroll            |     3 |       |     6 |     7 ||    16
       Potion            |     2 |    10 |    19 |     6 ||    37
 Stab: Sleeping          |     1 |     7 |     7 |     8 ||    23
       Confused          |     1 |     3 |     4 |     2 ||    10
       Paralysed         |       |     1 |     3 |       ||     4
       Distracted        |       |     1 |     3 |     2 ||     6
       Petrifying        |       |       |     2 |     1 ||     3
       Petrified         |       |       |     2 |       ||     2
       Invisible         |       |       |       |     3 ||     3
Armor: Leather armour    |    28 |    58 |    82 |    17 ||   185
Dodge: Dodged            |    36 |   153 |   248 |    68 ||   505
